 Dungeon Crawl Stone Soup version 0.28.0-53-g5a82cb258f (webtiles) character file.

Game seed: 12325678206089781685

347 Jerry the Skirmisher (level 6, -6/33 HPs)
             Began as a Vine Stalker Fighter on July 30, 2022.
             Blown up by Ijyb (18 damage)
             ... with a mindburst bolt
             ... on level 4 of the Dungeon.
             The game lasted 00:04:50 (2245 turns).

Jerry the Skirmisher (Vine Stalker Fighter)         Turns: 2245, Time: 00:04:51

Health: -6/33      AC:  8    Str: 19    XL:     6   Next: 59%
Magic:  0/7        EV:  9    Int:  8    God:
Gold:   150        SH:  5    Dex: 15    Spells: 5/5 levels left

rFire   . . .      SeeInvis .   a - +0 rapier
rCold   . . .      Faith    .   c - +0 buckler
rNeg    . . .      Spirit   +   b - +0 scale mail
rPois   .          Reflect  .   q - +0 helmet
rElec   .          Harm     .   (no cloak)
rCorr   +          Rampage  .   (no gloves)
Will    .....                   (no boots)
Stlth   ..........              (no amulet)
HPRegen 0.91/turn               i - ring of resist corrosion
MPRegen 0.10/turn               (no ring)

@: no status effects
A: fangs 2, regeneration 1, magic shield, antimagic bite, no potion heal 2
a: no special abilities


You were on level 4 of the Dungeon.
You visited 1 branch of the dungeon, and saw 4 of its levels.

You collected 150 gold pieces.

Inventory:

Hand Weapons
 a - a +0 rapier (weapon)
Missiles
 f - 2 silver javelins (quivered)
Armour
 b - a +0 scale mail (worn)
 c - a +0 buckler (worn)
 q - a +0 helmet (worn)
Jewellery
 i - a ring of resist corrosion (left hand)
Scrolls
 e - 5 scrolls of identify {unknown}
 l - 2 scrolls of magic mapping {unknown}
 o - a scroll of enchant armour {unknown}
 p - a scroll of fear {unknown}
 s - a scroll of teleportation {unknown}
Potions
 d - 2 potions of might
 g - 2 potions of curing {unknown}
 h - a potion of degeneration {unknown}
 j - a potion of brilliance {unknown}
 k - a potion of haste {unknown}
 m - a potion of invisibility {unknown}
 n - a potion of attraction {unknown}
 r - a potion of ambrosia {unknown}


   Skills:
 + Level 4.0 Fighting
 + Level 3.4 Short Blades
 + Level 3.6 Armour
 + Level 3.9 Shields


You had 5 spell levels left.
You didn't know any spells.
Your spell library was empty.

Dungeon Overview and Level Annotations

Branches:
Dungeon (4/15)
 Temple: D:4-7

Altars:

Shops:
D:3 [

Annotations:
D:4 Ijyb, Sigmund


Innate Abilities, Weirdness & Mutations

You have extremely sharp teeth.
Your natural rate of healing is unusually fast.
When hurt, damage is shared between your health and your magic reserves.
Your bite disrupts and absorbs the magic of your enemies.
Potions cannot restore your health.


Message History

You feel invigorated.
The necrophage is severely damaged.
The necrophage hits you but does no damage.
The necrophage hits you.
You feel drained.
You hit the necrophage but do no damage.
Your bite misses the necrophage.
The necrophage is severely damaged.
The necrophage hits you but does no damage.
You hit the necrophage but do no damage.
Your bite misses the necrophage.
The necrophage is severely damaged.
The necrophage hits you.
You feel drained.
You puncture the necrophage!
The necrophage is almost destroyed.
The necrophage barely misses you.
You hit the necrophage.
You bite the necrophage, but do no damage.
The necrophage is almost destroyed.
The necrophage completely misses you.
You puncture the necrophage!
You destroy the necrophage!
Your life force feels restored.
Your Fighting skill increases to level 4!
No target in view!
You see here a necrophage corpse.
l - 2 scrolls labelled ACLAMI SIOSON (gained 1)
Found a stone staircase leading down.
You see here 22 sling bullets.
Ijyb the Twisted Goblin comes into view.
She is wielding a +0 dagger, wearing a +4 chain mail of fire resistance and carrying a wand of mindburst (8).
Ijyb shouts!
You hear a shout!
An orc comes into view. It is wielding a +0 falchion.
The orc shouts!
Sigmund the Dreaded comes into view.
He is wielding a +0 scythe.
Ijyb zaps a wand.
Your mind is blasted!
You are too injured to fight recklessly!
You are too injured to fight recklessly!
Ijyb zaps a wand.
Your mind is blasted!
Ijyb zaps a wand.
Your mind is blasted!
Ouch! That really hurt!
You die...

#..........# #.########.#
## #.# #.# ... #.#
##.###########.##. #.#
#.................
#.#######.†#####.#.....@..
#.##.......####........##.
#.##.#.........(.....o....
#.##.#......###.@...>g.#
#.....).###.####.#...#.#
#..###..# #.(# #.##.##
#.)# #..###..# #.# .#
##.###.......# #.# .#
#.....#####.###.# .#
###.............# ..
##....####.##### .#
#.......##.#


You could see Sigmund (wandering), Ijyb and an orc.

Vanquished Creatures
  A black bear (D:4)
  A necrophage (D:4)
  2 hounds (D:4)
  An orc wizard (D:3)
  3 adders (D:3)
  An ufetubus (D:4)
  5 orcs (D:3)
  2 endoplasms
  2 giant cockroaches
  3 goblins
  4 hobgoblins
  2 quokkas
  11 ball pythons
  8 bats
  A frilled lizard (D:1)
  4 kobolds
  4 rats
55 creatures vanquished.

Notes
Turn   | Place    | Note
-------+----------+-------------------------------------------
     0 | D:1      | Jerry the Vine Stalker Fighter began the quest for the Orb.
     0 | D:1      | Reached XP level 1. HP: 11/11 MP: 2/2
   271 | D:1      | Reached XP level 2. HP: 14/16 MP: 3/3
  1023 | D:2      | Found a faded altar of an unknown god.
  1045 | D:2      | Reached skill level 3 in Fighting
  1069 | D:2      | Reached XP level 3. HP: 20/20 MP: 4/4
  1473 | D:3      | Found Vytoz's Armour Boutique.
  1575 | D:3      | Gained mutation: Your natural rate of healing is unusually
                  | fast. [Vine Stalker growth]
  1575 | D:3      | Reached XP level 4. HP: 23/24 MP: 5/5
  2041 | D:4      | Noticed a black bear
  2052 | D:4      | Killed a black bear
  2053 | D:4      | Reached XP level 5. HP: 18/28 MP: 4/6
  2060 | D:4      | Reached XP level 6. HP: 23/33 MP: 7/7
  2187 | D:4      | Noticed a necrophage
  2197 | D:4      | Killed a necrophage
  2198 | D:4      | Reached skill level 4 in Fighting
  2241 | D:4      | Noticed Ijyb
  2243 | D:4      | Noticed Sigmund
  2245 | D:4      | Blown up by Ijyb

Illustrated notes

Levels and vault maps discovered:
D:1:      minmay_arrival_semitransparent, layout_rooms
D:2:      layout_loops_ring, ebering_ecumenical_altar_abandoned
D:3:      layout_basic, serial_shops, nicolae_shop_hallway_stairs,
          nicolae_underground_beach
D:4:      layout_loops_ring, ebering_ghost_inner_flame,
          minmay_fractal_squares_gapless_5, uniq_sigmund, uniq_ijyb

Skill      XL: |  1  2  3  4  5  6 |
---------------+-------------------+-----
Short Blades   | 2 3 |  3.4
Fighting       | 3 4 |  4.0
Shields        | 3 |  3.9
Armour         | 3 |  3.6

Action                   |  1- 3 |  4- 6 || total
-------------------------+-------+-------++-------
Melee: Rapier            |    82 |    89 ||   171
       Bite              |    17 |    28 ||    45
Throw: Javelin           |       |     1 ||     1
Armor: Scale mail        |    46 |    43 ||    89
Dodge: Dodged            |    36 |    43 ||    79
Block: Buckler           |    22 |    22 ||    44
